 Dungeon Sprint DCSS version 0.22-a0-538-g76cc104 (webtiles) character file.

1428 emperorscorpion the Impaler (level 8, -3/86 HPs)
             Began as a Minotaur Chaos Knight on June 23, 2018.
             Slain by a four-headed hydra (7 damage)
             ... in the Dungeon (Sprint IX: "|||||||||||||||||||||||||||||").
             The game lasted 00:01:46 (372 turns).

emperorscorpion the Impaler (Minotaur Chaos Knight)  Turns: 372, Time: 00:01:46

Health: -3/86      AC: 12    Str: 18    XL:     8   Next: 44%
Magic:  7/7        EV: 14    Int:  9    God:    Xom [..*...]
Gold:   0          SH:  0    Dex: 11    Spells: 7/7 levels left

rFire    . . .     SeeInvis .   a - +2 halberd (flame)
rCold    . . .     Gourm    .   (shield currently unavailable)
rNeg     . . .     Faith    .   r - +2 ring mail
rPois    .         Spirit   .   (helmet restricted)
rElec    .         Reflect  .   q - +0 cloak
rCorr    .         Harm     .   (no gloves)
MR       .....     NoTele   +   (no boots)
Stlth    +.........             (no amulet)
HPRegen  0.24/turn              s - +2 ring of evasion
MPRegen  0.10/turn              t - +2 ring of protection

@: no status effects
A: retaliatory headbutt, horns 2
a: Renounce Religion


You were in the Dungeon.
You worshipped Xom.
You were a toy of Xom.
You were not hungry.

You visited 1 branch

Inventory:

Hand Weapons
 a - a +2 halberd of flaming (weapon)
 b - a +0 spear of chaos
 v - a +4 trident
Armour
 p - a +2 leather armour
 q - a +0 cloak (worn)
 r - a +2 ring mail (worn)
 u - a +0 troll leather armour
 x - the +2 buckler of Xas Zuto {Str+8}
   (You found it in the Dungeon)

   It affects your strength (+8).
Magical Staves
 o - an uncursed staff of energy
Jewellery
 s - a +2 ring of evasion (left hand)
 t - a +2 ring of protection (right hand)
Wands
 n - a wand of acid (10)
Scrolls
 i - 2 scrolls of blinking
 l - 4 scrolls of remove curse
 m - 2 scrolls of amnesia
 y - a scroll of identify
 z - 4 scrolls of enchant armour
 A - 2 scrolls of enchant weapon
Potions
 d - 6 potions of curing
 e - 5 potions of heal wounds
 f - a potion of haste
 g - 4 potions of magic
 h - 3 potions of berserk rage
 k - a potion of invisibility
 w - a potion of might
Comestibles
 c - a ration
 j - 2 chunks of flesh


   Skills:
 + Level 13.2 Fighting
 + Level 15.4 Polearms
 + Level 8.1 Armour
 + Level 3.4 Dodging
 + Level 1.7 Stealth


You had 7 spell levels left.
You didn't know any spells.
Your spell library was empty.

Dungeon Overview and Level Annotations

Branches:
Dungeon (1/1)

Altars:
Cheibriados
Dithmenos
Elyvilon
Fedhas
Gozag
Hepliaklqana
Kikubaaqudgha
Makhleb
Nemelex Xobeh
Okawaru
Qazlal
Ru
Sif Muna
Trog
Uskayaw
Vehumet
Wu Jian
Xom
Yredelemnul
Zin
The Shining One
Beogh
Jiyva
Lugonu


Innate Abilities, Weirdness & Mutations

You reflexively headbutt those who attack you in melee.
You have a pair of horns on your head.


Message History

The five-headed hydra is severely wounded.
The five-headed hydra bites you!
The five-headed hydra bites you but does no damage.
The five-headed hydra barely misses you.
The five-headed hydra bites you.
* * * LOW HITPOINT WARNING * * *
The five-headed hydra bites you!
* * * LOW HITPOINT WARNING * * *
You slice one of the five-headed hydra's heads off!
The flame cauterises the wound!
You puncture the four-headed hydra! You burn the four-headed hydra.
You headbutt the four-headed hydra, but do no damage.
The four-headed hydra is almost dead. "Serve the mortal, my child!"
The four-headed hydra bites you but does no damage.
The four-headed hydra bites you!
* * * LOW HITPOINT WARNING * * *
The four-headed hydra bites you!
You die...
Xom titters!

▓▓▓▓▓▓▓▓▓▓▓▓▓▓▓▓▓▓▓▓▓▓▓▓▓▓▓▓▓▓▓▓▓
))....'.....'____________________
▓▓▓▓▓▓▓▓▓▓▓▓▓▓▓▓▓▓▓▓▓▓▓▓▓▓▓▓▓▓▓▓▓
.................................
▓▓▓▓▓▓▓▓▓▓▓▓▓▓▓▓▓▓▓▓▓▓▓▓▓▓▓▓▓▓▓▓▓
...'.....).(...5@DrF....
▓▓▓▓▓▓▓▓▓▓▓▓▓▓▓▓▓▓▓▓▓▓▓▓


You could see a four-headed hydra, a spiny frog, a porcupine and a friendly
shadow imp.

Vanquished Creatures
  A tengu conjurer (D)
  A troll (D)
  A hippogriff (D)
  A yak (D)
  A hungry ghost (D)
  A porcupine (D)
  A black bear (D)
  A phantom (D)
  2 bullfrogs (D)
  A wight (D)
  A hound (D)
  A quasit (D)
  A worker ant (D)
  A shadow imp (D)
  An adder skeleton (D)
  An adder zombie (D)
  A bat skeleton (D)
  3 goblins (D)
  A hobgoblin (D)
  A giant cockroach zombie (D)
  A quokka skeleton (D)
  A rat (D)
25 creatures vanquished.

Notes
Turn   | Place    | Note
-------+----------+-------------------------------------------
     0 | D        | emperorscorpion the Minotaur Chaos Knight began the quest for the Orb.
     0 | D        | Reached XP level 1. HP: 19/19 MP: 0/0
     4 | D        | Reached skill level 4 in Polearms
    11 | D        | Reached skill level 5 in Fighting
    18 | D        | Noticed a hound
    22 | D        | Reached XP level 2. HP: 28/29 MP: 1/1
    27 | D        | Reached skill level 6 in Polearms
    27 | D        | Reached XP level 3. HP: 37/38 MP: 2/2
    46 | D        | Found a roughly hewn altar of Beogh.
    46 | D        | Found a snail-covered altar of Cheibriados.
    46 | D        | Found a shadowy altar of Dithmenos.
    46 | D        | Found a white marble altar of Elyvilon.
    46 | D        | Found a blossoming altar of Fedhas.
    46 | D        | Found an opulent altar of Gozag.
    47 | D        | Found a hazy altar of Hepliaklqana.
    48 | D        | Found a viscous altar of Jiyva.
    49 | D        | Found an ancient bone altar of Kikubaaqudgha.
    50 | D        | Found a corrupted altar of Lugonu.
    51 | D        | Found a burning altar of Makhleb.
    52 | D        | Found a sparkling altar of Nemelex Xobeh.
    53 | D        | Found an iron altar of Okawaru.
    54 | D        | Found a stormy altar of Qazlal.
    55 | D        | Found a sacrificial altar of Ru.
    56 | D        | Found a deep blue altar of Sif Muna.
    57 | D        | Found a bloodstained altar of Trog.
    58 | D        | Found a hide-covered altar of Uskayaw.
    59 | D        | Found a radiant altar of Vehumet.
    60 | D        | Found an ornate altar of the Wu Jian Council.
    61 | D        | Found a shimmering altar of Xom.
    62 | D        | Found a basalt altar of Yredelemnul.
    63 | D        | Found a glowing silver altar of Zin.
    64 | D        | Found a glowing golden altar of the Shining One.
   110 | D        | Noticed a hippogriff
   110 | D        | Noticed a troll
   114 | D        | Killed a hippogriff
   114 | D        | Reached skill level 10 in Polearms
   114 | D        | Reached skill level 5 in Armour
   114 | D        | Reached XP level 4. HP: 42/51 MP: 3/3
   114 | D        | Reached XP level 5. HP: 48/58 MP: 4/4
   120 | D        | Reached skill level 10 in Fighting
   120 | D        | Reached XP level 6. HP: 49/66 MP: 5/5
   122 | D        | XOM: potion effect (invisibility)
   124 | D        | Killed a troll
   124 | D        | Reached skill level 12 in Polearms
   127 | D        | Reached XP level 7. HP: 45/74 MP: 6/6
   137 | D        | Noticed a hungry ghost
   137 | D        | Noticed a tengu conjurer
   141 | D        | Reached skill level 13 in Polearms
   151 | D        | Killed a hungry ghost
   153 | D        | Reached skill level 14 in Polearms
   159 | D        | Killed a tengu conjurer
   159 | D        | Reached XP level 8. HP: 45/85 MP: 7/7
   163 | D        | Reached skill level 1 in Stealth
   343 | D        | Got the +2 buckler of Xas Zuto {Str+8}
   355 | D        | Noticed a spiny frog
   356 | D        | Noticed a seven-headed hydra
   362 | D        | Reached skill level 15 in Polearms
   372 | D        | XOM: summons friendly shadow imp
   372 | D        | HP: 4/86 [four-headed hydra (7)]
   372 | D        | Slain by a four-headed hydra

Vault maps used:
D:        linesprint

Skill      XL: |  1  2  3  4  5  6  7  8 |
---------------+-------------------------+-----
Polearms       | 4 6 10 12 14 15 | 15.4
Fighting       | 5 6 9 10 11 12 13 | 13.2
Armour         | 3 5 6 7 8 |  8.1
Dodging        | 2 3 |  3.4
Stealth        | 1 |  1.7

Action                   |  1- 3 |  4- 6 |  7- 9 || total
-------------------------+-------+-------+-------++-------
Melee: Spear             |    23 |       |       ||    23
       Headbutt          |     5 |     3 |     7 ||    15
       Halberd           |     4 |    13 |    43 ||    60
 Stab: Invisible         |       |     1 |     2 ||     3
  Eat: Chunk             |       |       |     2 ||     2
Armor: Leather armour    |     3 |       |       ||     3
       Ring mail         |     2 |     3 |    13 ||    18
Dodge: Dodged            |    12 |    13 |    12 ||    37

Table legend:
 A = Spawn XP
 B = Non-spawn XP
 C = Spawn XP percentage of total XP
 D = Spawn monster count
 E = Non-spawn monster count
 F = Spawn count percentage of total count
 G = Total turns spent on level
                    A         B        C        D         E        F      G
               +---------+---------+-------+---------+---------+-------+---------
         Total |       0 |    2041 |   0.0 |       0 |      25 |   0.0 |   372
               +---------+---------+-------+---------+---------+-------+---------
             D |       0 |    2041 |   0.0 |       0 |      25 |   0.0 |   372
               +---------+---------+-------+---------+---------+-------+---------
